AoeStats
← [GG] Shevchenko 7

Arabia

509016836Analyzed
3v3 RM · 8d ago on Sep 25, 2026· 28m 52s· 6 players
Game mode
Random Map
Map size
Normal (6 player)
Population
200
Speed
Normal
Resources
Standard
Victory
Conquest
Starting age
Dark Age
Ending age
Imperial Age
RankedLock teamsTeams togetherTeam positionsShared explorationLock speedFull tech treeHidden civsTurbo modeCheats
Victory
Defeat
🇦🇷 Persians · Argentina
1029
+14
🇦🇷 Magyars · Argentina
989
+15
🇦🇷 Teutons · Argentina
978
+16
🇧🇷 Japanese · Brazil
1012
-16
🇧🇷 Persians · Brazil
993
-16
🇧🇷 Varangians · Brazil
916
-13
[GG] Ibrahimovic
4:55 Loom
13:33 Feudal Age
20:08 Horse Collar
21:40 Fletching
23:09 Forging
24:27 Town Watch
26:34 Bloodlines
27:47 Padded Archer Armor
28:00 Double-Bit Axe
[GG] Trezeguet
9:57 Feudal Age
10:40 Loom
14:51 Wheelbarrow
17:08 Castle Age
15:08 Horse Collar
16:21 Bloodlines
19:18 Husbandry
25:33 Double-Bit Axe
[GG] Shevchenko 7
3:28 Loom
11:03 Feudal Age
23:09 Castle Age
23:28 Fletching
23:39 Padded Archer Armor
24:09 Thumb Ring
23:28 Crossbowman
24:49 Double-Bit Axe
25:57 Horse Collar
28:46 Wheelbarrow
Insmago
7:10 Loom
10:33 Feudal Age
16:08 Castle Age
14:24 Double-Bit Axe
14:55 Horse Collar
16:51 Scale Barding Armor
16:57 Forging
16:38 Loom
20:45 Husbandry
23:08 Gold Mining
27:13 Bow Saw
29:01 Wheelbarrow
Hola
7:09 Loom
9:22 Feudal Age
9:58 Double-Bit Axe
11:30 Horse Collar
22:01 Castle Age
21:00 Stone Mining
21:00 Gold Mining
21:28 Scale Barding Armor
22:09 Bloodlines
23:20 Bow Saw
23:14 Husbandry
22:35 Light Cavalry
23:58 Chain Barding Armor
26:38 Fletching
29:16 Bodkin Arrow
AquilesDaiMoN
6:20 Loom
9:03 Feudal Age
9:05 Man-at-Arms
14:33 Double-Bit Axe
15:49 Wheelbarrow
15:21 Fletching
17:21 Horse Collar
18:20 Padded Archer Armor
19:12 Town Watch
22:14 Castle Age
23:14 Hand Cart
22:54 Gold Mining
23:28 Forging
24:15 Bow Saw
24:08 Heavy Plow
23:47 Crossbowman
26:23 Bodkin Arrow
27:53 Stone Mining
Connection lost

Rejoining the realm…

Still unreachable

The connection could not be restored.

Session expired

The server has moved on; the page needs a fresh start.